 Dungeon Crawl Stone Soup version 0.30-a0-52-g86a8295270 (webtiles) character file.

Game seed: 8653045947469601852

205 biggindude the Ruffian (level 5, -6/52 HPs)
             Began as a Troll Berserker on Sept 6, 2022.
             Was a Believer of Trog.
             Killed from afar by Dowan (14 damage)
             ... with a stone arrow
             ... on level 4 of the Dungeon.
             The game lasted 00:08:43 (2270 turns).

biggindude the Ruffian (Troll Berserker)            Turns: 2270, Time: 00:08:44

Health: -6/52      AC:  5    Str: 27    XL:     5   Next: 52%
Magic:  4/4        EV: 10    Int:  3    God:    Trog [**....]
Gold:   179        SH:  0    Dex:  9    Spells: 4/4 levels left

rFire   . . .      SeeInvis .      - Unarmed
rCold   . . .      Faith    .    (no shield)
rNeg    . . .      Spirit   .    a - +0 animal skin
rPois   .          Reflect  .    (helmet restricted)
rElec   .          Harm     .    n - +0 cloak
rCorr   .          Rampage  .    (gloves unavailable)
Will    .....                    (boots unavailable)
Stlth   +.........               (no amulet)
HPRegen 0.97/turn                (no ring)
MPRegen 0.09/turn                (no ring)

@: no status effects
A: large, unfitting armour, claws 3, regeneration 1, shaggy fur 1, tough skin 1
a: Renounce Religion, Berserk, Trog's Hand


You were on level 4 of the Dungeon.
You worshipped Trog.
Trog was pleased with you.
You visited 1 branch of the dungeon, and saw 4 of its levels.

You collected 179 gold pieces.

Inventory:

Hand Weapons
 m - a +2 quarterstaff of chaos
Armour
 a - a +0 animal skin (worn)
 n - a +0 cloak (worn)
Scrolls
 b - a scroll of acquirement {unknown}
 c - a scroll of noise {unknown}
 d - 6 scrolls of identify {unknown}
 e - 2 scrolls of teleportation {unknown}
 g - 2 scrolls of blinking {unknown}
 h - 2 scrolls of vulnerability {unknown}
Potions
 f - a potion of berserk rage {unknown}
 i - a potion of flight {unknown}
 j - a potion of attraction {unknown}
 k - a potion of invisibility {unknown}
 l - a potion of ambrosia {unknown}


   Skills:
 + Level 2.9 Fighting
 + Level 3.3 Dodging
 + Level 0.8 Stealth
 + Level 4.9 Unarmed Combat


You had 4 spell levels left.
You didn't know any spells.
Your spell library was empty.

Dungeon Overview and Level Annotations

Branches:
Dungeon (4/15)
 Temple: D:4-7

Altars:
Elyvilon
Gozag
Qazlal
Ru
Vehumet
Yredelemnul

Annotations:
D:4 Dowan


Innate Abilities, Weirdness & Mutations

You are too large for most types of armour.
You have claws for hands.
Your natural rate of healing is unusually fast.
You are covered in fur. (AC +1)
You have tough skin. (AC +1)


Message History

Duvessa hits you with a +0 short sword! The iguana bites you.
You are too injured to fight recklessly!
You closely miss the iguana.
The iguana is severely wounded.
Duvessa hits you with a +0 short sword. The iguana bites you.
* * * LOW HITPOINT WARNING * * *
You barely miss the iguana.
The iguana is severely wounded.
Duvessa hits you with a +0 short sword.
* * * LOW HITPOINT WARNING * * *
The iguana barely misses you.
A phantom comes into view.
You claw the iguana!
You kill the iguana!
Trog accepts your kill.
You are too injured to fight recklessly!
You closely miss Duvessa. You mangle Duvessa!!
Duvessa is heavily wounded.
Duvessa closely misses you. Dowan casts a spell at you.
You resist with some effort.
You scratch Duvessa.
Duvessa is heavily wounded.
Duvessa hits you with a +0 short sword.
* * * LOW HITPOINT WARNING * * *
You scratch Duvessa.
Duvessa is severely wounded.
Duvessa closely misses you. The phantom closely misses you.
You claw Duvessa!
You kill Duvessa!
Trog accepts your kill.
Dowan screams, "No!
No!"
Dowan seems to find hidden reserves of power!
The phantom hits you.
* * * LOW HITPOINT WARNING * * *
The phantom blinks!
You blink.
Dowan points at you and mumbles some strange words.
The stone arrow hits you!
You die...

<....###.#####.#
#.e. #.# .. #.#
#. #.# #.
##.###...
#.#+####.........
#....)e...###.#..
##...§§##.##
#..@..†.#.#
#..W........
+............
#.........####
##.......##
##.....## ##...##
...##


You could see a phantom and Dowan (fast).

Vanquished Creatures
  Duvessa (D:4)
  Crazy Yiuf (D:3)
  Natasha (thrice) (D:3)
  Terence (D:3)
  An iguana (D:4)
  An adder (D:4)
  2 dart slugs (D:1)
  4 ball pythons
  5 bats
  4 endoplasms
  A giant cockroach (D:3)
  4 goblins
  A hobgoblin (D:1)
  4 jackals (D:1)
  3 kobolds
  3 quokkas
  4 frilled lizards
  A rat (D:2)
44 creatures vanquished.

Notes
Turn   | Place    | Note
-------+----------+-------------------------------------------
     0 | D:1      | biggindude the Troll Berserker began the quest for the Orb.
     0 | D:1      | Reached XP level 1. HP: 22/22 MP: 0/0
   234 | D:1      | Reached XP level 2. HP: 29/29 MP: 1/1
   825 | D:2      | Reached XP level 3. HP: 36/36 MP: 2/2
  1286 | D:2      | Reached ** piety under Trog
  1580 | D:3      | Noticed Natasha
  1598 | D:3      | Killed Natasha
  1599 | D:3      | Reached skill level 4 in Unarmed Combat
  1672 | D:3      | Noticed Natasha
  1683 | D:3      | Killed Natasha
  1684 | D:3      | Reached XP level 4. HP: 31/44 MP: 3/3
  1741 | D:3      | Noticed Natasha
  1744 | D:3      | Killed Natasha
  1766 | D:3      | Found a white marble altar of Elyvilon.
  1770 | D:3      | Found a basalt altar of Yredelemnul.
  1776 | D:3      | Found a sacrificial altar of Ru.
  1779 | D:3      | Found a radiant altar of Vehumet.
  1781 | D:3      | Found an opulent altar of Gozag.
  1786 | D:3      | Found a stormy altar of Qazlal.
  1830 | D:3      | Noticed Terence
  1842 | D:3      | Killed Terence
  1843 | D:3      | Reached XP level 5. HP: 48/52 MP: 4/4
  1899 | D:3      | Found a runed translucent door.
  1900 | D:3      | Noticed Crazy Yiuf
  2022 | D:3      | Killed Crazy Yiuf
  2140 | D:4      | Noticed Duvessa
  2140 | D:4      | Noticed Dowan
  2264 | D:4      | Noticed a phantom
  2270 | D:4      | Killed Duvessa
  2270 | D:4      | Killed from afar by Dowan

Illustrated notes

Levels and vault maps discovered:
D:1:      saegor_arrival_simple_b, layout_loops_ring, serial_rivers,
          chequers_serial_rivers_room_a, chequers_serial_rivers_room_a,
          chequers_serial_rivers_micro_a, chequers_serial_rivers_micro_c,
          chequers_serial_rivers_small_3, chequers_serial_rivers_room_b
D:2:      layout_loops_cross, serial_glass, glass_columns_b, glass_columns_a
D:3:      layout_loops_cross, nicolae_overflow_hallway_of_the_gods,
          uniq_natasha, uniq_crazy_yiuf_cottage, uniq_terence
D:4:      layout_loops_corners, wad_rectangle_vault, uniq_duvessa

Skill      XL: |  1  2  3 |
---------------+----------+-----
Dodging        | 3 |  3.3
Unarmed Combat | 4 |  4.9
Fighting       | |  2.9
Stealth        | |  0.8

Action                   |  1- 3 |  4- 6 || total
-------------------------+-------+-------++-------
Melee: Unarmed           |    79 |    30 ||   109
 Stab: Sleeping          |     1 |       ||     1
Armor: Animal skin       |    29 |     1 ||    30
Dodge: Dodged            |    37 |    10 ||    47

Table legend: (Time is in decaauts)
 A = Elapsed time spent in this place.
 B = Non-inter-level travel time spent in this place.
 C = Inter-level travel time spent in this place.
 D = Time resting spent in this place.
 E = Time spent auto-exploring this place.
 F = Levels seen in this place.
 G = Mean time per level.
                   A        B        C        D        E       F      G
               +--------+--------+--------+--------+--------+-----+--------+
         Total |   2271 |   2134 |    137 |    100 |   1656 |   4 |  567.8 |
       Dungeon |   2271 |   2134 |    137 |    100 |   1656 |   4 |  567.8 |
               +--------+--------+--------+--------+--------+-----+--------+

Top non-repeatable levels by time:
     D:1: 824 daAuts
     D:3: 801 daAuts
     D:2: 505 daAuts
     D:4: 140 daAuts
